 Dungeon Crawl Stone Soup version 0.31.0-9-g3a7656b989 (webtiles) character file.

Game seed: 7601552246210503060

238 Fv001 the Trooper (level 5, -1/42 HPs)
             Began as a Demonspawn Fighter on Feb 1, 2024.
             Slain by a quokka (4 damage)
             ... on level 2 of the Dungeon.
             The game lasted 00:02:41 (970 turns).

Fv001 the Trooper (Demonspawn Fighter)               Turns: 970, Time: 00:02:42

Health: -1/42      AC:  6    Str: 16    XL:     5   Next: 78%
Magic:  4/7        EV:  9    Int:  8    God:
Gold:   114        SH:  5    Dex: 15    Spells: 4/4 levels left

rFire   + . .        a - +0 war axe (flame)
rCold   + . .        c - +0 buckler
rNeg    . . .        b - +0 scale mail
rPois   +            (helmet restricted)
rElec   +            (no cloak)
rCorr   +            (no gloves)
SInv    .            (no boots)
Will    .....        (no amulet) Stlth
                     (no ring)
HPRegen 0.27/turn    (no ring)
MPRegen 0.10/turn

%: no passive effects
@: mighty, resistant, invisible
A: antennae 1
a: no special abilities


You were on level 2 of the Dungeon.
You visited 1 branch of the dungeon, and saw 2 of its levels.

You collected 114 gold pieces.

Inventory:

Hand Weapons
 a - a +0 war axe of flaming (weapon)
Armour
 b - a +0 scale mail (worn)
 c - a +0 buckler (worn)


   Skills:
 + Level 3.6 Fighting
 + Level 3.4 Axes
 + Level 3.5 Armour
 + Level 0.6 Dodging
 + Level 3.2 Shields
 * Level 2.8 Invocations


You had 4 spell levels left.
You didn't know any spells.
Your spell library was empty.

Dungeon Overview and Level Annotations

Branches:
Dungeon (2/15)

Altars:

Shops:
D:2 [


Innate Abilities, Weirdness & Mutations

You have a pair of small antennae on your head.


Message History

Sigmund mumbles some strange words.
Sigmund flickers and vanishes!
Deactivating autopickup; reactivate with Ctrl-A.
You hear some strange, mumbled words.
You are confused.
You feel protected.
You hear some strange, mumbled words.
A puff of flame appears from out of thin air!
The puff of flame hits you. You resist.
You bump into the rock wall.
Something hits you.
You closely miss something. Something hits you!
* * * LOW HITPOINT WARNING * * *
It was a potion of invisibility.
You fade into invisibility!
It was a potion of curing.
You feel better. Something hits you!
* * * LOW HITPOINT WARNING * * *
You miss something. You block something's attack.
You closely miss something. Something hits you but does no damage.
You barely miss something. Something hits you but does no damage.
You barely miss something. Something hits you but does no damage.
You slash something! You burn something. Something hits you!
* * * LOW HITPOINT WARNING * * *
You aren't carrying any scrolls.
You aren't carrying any scrolls.
You hit something. You burn something.
Reactivating autopickup.
You feel a bit more experienced.
The endoplasm hits you but does no damage.
Your Axes skill increases to level 3!
Your Invocations skill increases to level 2!
You have reached level 4!
You feel agile.
You have reached level 5!
You slash the endoplasm! You burn the endoplasm.
You kill the endoplasm!
You strike the helpless giant cockroach from behind!
You hit the giant cockroach. You burn the giant cockroach.
You kill the giant cockroach!
You barely miss the quokka. The quokka barely misses you. The quokka bites you.
You die...

....................#
....................#
†....)..............#
#.....).............#
#................∩..#
##..............∩∩∩.#
##.....#........∩..#
##########.......#
####@###.... .. #r#
#.. ## #.# # # ... #
..... . ..#.#.# #
..##.#.. ### #.#..#
... .#


You could see a quokka (unable to see you).

Vanquished Creatures
  Sigmund (D:2)
  3 adders (D:2)
  A dart slug (D:1)
  A ribbon worm (D:2)
  2 ball pythons
  5 endoplasms
  4 giant cockroaches
  4 goblins
  A hobgoblin (D:1)
  3 jackals (D:2)
  2 quokkas (D:1)
  A frilled lizard (D:1)
  3 kobolds
  4 rats
35 creatures vanquished.

Notes
Turn   | Place    | Note
-------+----------+-------------------------------------------
     0 | D:1      | Fv001 the Demonspawn Fighter began the quest for the Orb.
     0 | D:1      | Reached XP level 1. HP: 18/18 MP: 1/1
    68 | D:1      | Gained mutation: You have a pair of small antennae on your
                  | head. [demonic ancestry]
    68 | D:1      | Reached XP level 2. HP: 20/24 MP: 2/2
   803 | D:2      | Reached XP level 3. HP: 28/29 MP: 3/3
   853 | D:2      | Reached skill level 1 in Invocations
   929 | D:2      | Found Salit's Antique Armour Shop.
   939 | D:2      | Noticed Sigmund
   966 | D:2      | HP: 1/29 [something (9)]
   967 | D:2      | Killed Sigmund
   968 | D:2      | Reached XP level 4. HP: 1/37 MP: 4/6
   968 | D:2      | Reached XP level 5. HP: 2/42 MP: 4/7
   970 | D:2      | Slain by a quokka

Illustrated notes

Levels and vault maps discovered:
D:1:      dpeg_arrival_round_c, layout_basic
D:2:      layout_rooms, serial_shops, nicolae_shop_dealshenge, uniq_sigmund

Skill      XL: |  1  2  3 |
---------------+----------+-----
Axes           | 2 3 |  3.4
Armour         | 3 |  3.5
Shields        | 3 |  3.2
Invocations    | 2 |  2.8
Fighting       | |  3.6
Dodging        | |  0.6

Action                     |  1- 3 |  4- 6 || total
---------------------------+-------+-------++-------
  Melee: War axe           |    75 |     3 ||    78
    Use: Scroll            |     6 |       ||     6
         Potion            |     4 |       ||     4
   Stab: Invisible         |       |     1 ||     1
 Armour: Scale mail        |    63 |     1 ||    64
  Dodge: Dodged            |    40 |     1 ||    41
  Block: Buckler           |    12 |       ||    12
